[Event "ICC tourney 2260 (3 2)"]
[Site "Internet Chess Club"]
[Date "2020.12.31"]
[Round "2"]
[White "sujashankar"]
[Black "baldwinsthename"]
[Result "1-0"]
[ICCResult "Black checkmated"]
[WhiteElo "1691"]
[BlackElo "1228"]
[Opening "Petrov's defense"]
[ECO "C42"]
[NIC "RG.03"]
[Time "12:15:40"]
[PlyCount "57"]
[TimeControl "180+2"]

1. e4 e5 2. Nf3 Nf6 3. Nxe5 Nc6 4. Nxc6 dxc6 5. Nc3 Bc5 6. Bc4 Qd4 7. O-O
Qxc4 8. e5 Ng4 9. d3 Qe6 10. h3 h5 11. hxg4 hxg4 12. d4 Bb6 13. Ne4 Bd7 14.
Bg5 Qg6 15. Qe2 Bxd4 16. Rad1 c5 17. c3 Bxe5 18. Rxd7 Bh2+ 19. Kh1 Kxd7 20.
g3 Bxg3+ 21. Kg2 Bd6 22. Nxd6 cxd6 23. Qe7+ Kc6 24. b4 Qe6 25. b5+ Kxb5 26.
Qxb7+ Kc4 27. Qb3+ Kd3 28. Rd1+ Ke2 29. Qc2# { Black checkmated } 1-0

[Event "ICC tourney 2260 (3 2)"]
[Site "Internet Chess Club"]
[Date "2020.12.31"]
[Round "2"]
[White "hi321"]
[Black "uzkuzk"]
[Result "0-1"]
[ICCResult "White resigns"]
[WhiteElo "1433"]
[BlackElo "1809"]
[Opening "Caro-Kann: exchange variation"]
[ECO "B13"]
[NIC "CK.02"]
[Time "12:15:42"]
[PlyCount "44"]
[TimeControl "180+2"]

1. e4 c6 2. d4 d5 3. exd5 cxd5 4. Nf3 Bg4 5. Nc3 e6 6. Bb5+ Nc6 7. h3 Bh5
8. Qd3 Nf6 9. Bg5 Bb4 10. Ne5 Rc8 11. a3 Bxc3+ 12. Qxc3 Qb6 13. Bxf6 gxf6
14. Nxc6 bxc6 15. Ba4 Ke7 16. b4 Bg6 17. O-O Rhg8 18. Qe3 Qc7 19. f4 Be4
20. Bb3 Rxg2+ 21. Kh1 Rcg8 22. Rf3 R2g3 { White resigns } 0-1

[Event "ICC tourney 2260 (3 2)"]
[Site "Internet Chess Club"]
[Date "2020.12.31"]
[Round "2"]
[White "Purushottam123"]
[Black "MChessy"]
[Result "1-0"]
[ICCResult "Black resigns"]
[WhiteElo "1663"]
[BlackElo "1950"]
[Opening "Caro-Kann: exchange variation"]
[ECO "B13"]
[NIC "CK.02"]
[Time "12:16:21"]
[PlyCount "43"]
[TimeControl "180+2"]

1. e4 c6 2. d4 d5 3. exd5 cxd5 4. Nf3 Nf6 5. c4 dxc4 6. Bxc4 e6 7. O-O Bd6
8. Nc3 O-O 9. Re1 a6 10. h3 Qc7 11. Bb3 Nc6 12. Bg5 Nd7 13. d5 exd5 14.
Nxd5 Qa5 15. Bd2 Qd8 16. Rc1 Nf6 17. Bg5 Kh8 18. Nxf6 gxf6 19. Bh6 Re8 20.
Rxe8+ Qxe8 21. Qxd6 Qg8 22. Qxf6+ { Black resigns } 1-0

[Event "ICC tourney 2260 (3 2)"]
[Site "Internet Chess Club"]
[Date "2020.12.31"]
[Round "2"]
[White "caracleliem2"]
[Black "aberdeenace"]
[Result "0-1"]
[ICCResult "White checkmated"]
[WhiteElo "1152"]
[BlackElo "1546"]
[Opening "Modern defense"]
[ECO "A40"]
[NIC "QO.17"]
[Time "12:16:21"]
[PlyCount "76"]
[TimeControl "180+2"]

1. d4 g6 2. Nf3 Bg7 3. Nc3 Nf6 4. Bg5 O-O 5. e3 d5 6. Be2 b6 7. O-O Nbd7 8.
Qd2 Bb7 9. Bd3 Rc8 10. Rfe1 c5 11. e4 dxe4 12. Nxe4 cxd4 13. Nxd4 Nc5 14.
Nxf6+ Bxf6 15. Bxf6 exf6 16. Nf3 Bxf3 17. gxf3 Qd5 18. Qe3 Nxd3 19. Qxd3
Qg5+ 20. Kf1 Rfd8 21. Qe3 Qxe3 22. Rxe3 Rxc2 23. Re7 Rxb2 24. Rxa7 Rdd2 25.
Re1 Rxf2+ 26. Kg1 Rg2+ 27. Kh1 Rxh2+ 28. Kg1 Rxa2 29. Re8+ Kg7 30. Ree7
Rxa7 31. Rxa7 Rb2 32. Rb7 g5 33. Kf1 f5 34. Ke1 g4 35. Kd1 g3 36. Kc1 Rf2
37. Rxb6 g2 38. Kd1 g1=Q# { White checkmated } 0-1

[Event "ICC tourney 2260 (3 2)"]
[Site "Internet Chess Club"]
[Date "2020.12.31"]
[Round "2"]
[White "garynanoman"]
[Black "marinaxiao"]
[Result "1-0"]
[ICCResult "Black resigns"]
[WhiteElo "1850"]
[BlackElo "1556"]
[Opening "Sicilian: Pelikan, Chelyabinsk variation"]
[ECO "B33"]
[NIC "SI.37"]
[Time "12:15:29"]
[PlyCount "75"]
[TimeControl "180+2"]

1. e4 c5 2. Nf3 Nc6 3. d4 cxd4 4. Nxd4 Nf6 5. Nc3 e5 6. Ndb5 d6 7. Bg5 a6
8. Na3 b5 9. Nd5 Be7 10. Bxf6 Bxf6 11. c3 O-O 12. Nc2 Bg5 13. Bd3 Be6 14.
Ncb4 Nxb4 15. Nxb4 Kh8 16. O-O Qe7 17. a4 bxa4 18. Rxa4 a5 19. Qa1 Qc7 20.
Na6 Qb6 21. Rxa5 Bc8 22. b4 Bxa6 23. Rxa6 Rxa6 24. Qxa6 Qxa6 25. Bxa6 Bd2
26. b5 Bxc3 27. b6 Bd4 28. b7 Ba7 29. Rc1 Kg8 30. Rc6 h6 31. Rxd6 Bb8 32.
Rc6 Kh7 33. Rc8 Kg8 34. Bb5 g6 35. Be8 Kg7 36. Rxb8 Kg8 37. Bxf7+ Kxf7 38.
Rxf8+ { Black resigns } 1-0

[Event "ICC tourney 2260 (3 2)"]
[Site "Internet Chess Club"]
[Date "2020.12.31"]
[Round "2"]
[White "Heliosis"]
[Black "pari538"]
[Result "1-0"]
[ICCResult "Black checkmated"]
[WhiteElo "1880"]
[BlackElo "1522"]
[Opening "Ruy Lopez: ...b5 & ...d6"]
[ECO "C78"]
[NIC "RL.12"]
[Time "12:15:36"]
[PlyCount "119"]
[TimeControl "180+2"]

1. e4 e5 2. Nf3 Nc6 3. Bb5 a6 4. Ba4 Nf6 5. O-O b5 6. Bb3 d6 7. a4 bxa4 8.
Bxa4 Bd7 9. d4 exd4 10. Nxd4 Nxd4 11. Qxd4 Be7 12. Bxd7+ Qxd7 13. Nc3 O-O
14. Bg5 Qg4 15. Qe3 h6 16. Bxf6 Bxf6 17. h3 Qe6 18. Nd5 Rfc8 19. c3 c6 20.
Nb6 Rcb8 21. Nxa8 Rxa8 22. Ra3 d5 23. exd5 Qxe3 24. fxe3 cxd5 25. Rfa1 Bg5
26. Rxa6 Bxe3+ 27. Kf1 Rxa6 28. Rxa6 d4 29. cxd4 Bxd4 30. b4 Kh7 31. Rd6
Be5 32. Rd7 f6 33. b5 Kg6 34. b6 f5 35. b7 Kf6 36. Rd8 Bc7 37. b8=Q Bxb8
38. Rxb8 Kg6 39. Kf2 Kf6 40. Kf3 Kg6 41. Rb6+ Kf7 42. Kf4 g6 43. g4 Kg7 44.
gxf5 gxf5 45. Kxf5 Kh7 46. h4 Kg7 47. Kg4 Kh7 48. Kh5 Kg7 49. Rxh6 Kg8 50.
Kg5 Kg7 51. h5 Kg8 52. Kg6 Kf8 53. Rh8+ Ke7 54. h6 Kd7 55. h7 Ke7 56. Rg8
Kd7 57. h8=Q Ke7 58. Qf6+ Kd7 59. Rg7+ Ke8 60. Qe7# { Black checkmated }
1-0

[Event "ICC tourney 2260 (3 2)"]
[Site "Internet Chess Club"]
[Date "2020.12.31"]
[Round "2"]
[White "falcongw"]
[Black "LuckyNessLover"]
[Result "0-1"]
[ICCResult "White checkmated"]
[WhiteElo "1256"]
[BlackElo "1655"]
[Opening "Scandinavian gambit"]
[ECO "B01"]
[NIC "SD.03"]
[Time "12:16:21"]
[PlyCount "40"]
[TimeControl "180+2"]

1. e4 d5 2. exd5 Nf6 3. c4 c6 4. Nc3 cxd5 5. cxd5 Nxd5 6. Nf3 Bf5 7. d4 Nc6
8. Bd3 Bg6 9. Bf4 Nxf4 10. d5 Nxd3+ 11. Kf1 Nce5 12. Qa4+ Qd7 13. Nb5 Rc8
14. Qb3 Nxf3 15. gxf3 Nf4 16. d6 Bd3+ 17. Ke1 Bxb5 18. Kd2 Qxd6+ 19. Ke1
Qe5+ 20. Kd1 Qe2# { White checkmated } 0-1

[Event "ICC tourney 2260 (3 2)"]
[Site "Internet Chess Club"]
[Date "2020.12.31"]
[Round "2"]
[White "martinjames28"]
[Black "SuperBlueSky"]
[Result "0-1"]
[ICCResult "White resigns"]
[WhiteElo "1196"]
[BlackElo "1597"]
[Opening "QGD: Cambridge Springs defense"]
[ECO "D52"]
[NIC "QO.15"]
[Time "12:15:38"]
[PlyCount "50"]
[TimeControl "180+2"]

1. d4 d5 2. c4 e6 3. Nc3 Nf6 4. Nf3 c6 5. Bg5 Nbd7 6. e3 Qa5 7. Bd3 Bb4 8.
Qc2 Ne4 9. Bxe4 dxe4 10. Nd2 Qxg5 11. O-O Nf6 12. Ncxe4 Nxe4 13. Nxe4 Qg6
14. Qb3 Be7 15. Ng3 O-O 16. d5 exd5 17. cxd5 cxd5 18. Qxd5 Qe6 19. Qh5 Bf6
20. Rad1 b6 21. Rd5 Bb7 22. Rf5 g6 23. Qg4 Bg7 24. Nh5 gxh5 25. Qxh5 Qg6 {
White resigns } 0-1

[Event "ICC tourney 2260 (3 2)"]
[Site "Internet Chess Club"]
[Date "2020.12.31"]
[Round "2"]
[White "PearsonH"]
[Black "realFreddyWeddy"]
[Result "1-0"]
[ICCResult "Black forfeits on time"]
[WhiteElo "1756"]
[BlackElo "1104"]
[Opening "Queen's pawn: London system"]
[ECO "A45"]
[NIC "QP.07"]
[Time "12:15:42"]
[PlyCount "63"]
[TimeControl "180+2"]

1. d4 Nf6 2. Bf4 g6 3. e3 Bg7 4. Nd2 d5 5. Bd3 e6 6. Ngf3 O-O 7. O-O Nbd7
8. c3 c5 9. Ne5 c4 10. Be2 b6 11. Nxd7 Qxd7 12. e4 dxe4 13. Nxc4 Bb7 14.
Ne5 Qe7 15. f3 exf3 16. Bxf3 Bxf3 17. Qxf3 Nd5 18. Bg3 Rac8 19. a4 a5 20.
Qf2 Bh6 21. Bh4 Qe8 22. Kh1 Ne3 23. Rfe1 Nf5 24. Ng4 Bg7 25. Nf6+ Bxf6 26.
Bxf6 h5 27. Qf4 Kh7 28. h3 Rg8 29. g4 hxg4 30. hxg4 Nh6 31. g5 Qc6+ 32. Kg1
{ Black forfeits on time } 1-0

[Event "ICC tourney 2260 (3 2)"]
[Site "Internet Chess Club"]
[Date "2020.12.31"]
[Round "2"]
[White "Chessnutt2014"]
[Black "atippa"]
[Result "1-0"]
[ICCResult "Black forfeits on time"]
[WhiteElo "1941"]
[BlackElo "1732"]
[Opening "QGD: 4.Bg5 Be7"]
[ECO "D53"]
[NIC "QO.13"]
[Time "12:15:50"]
[PlyCount "45"]
[TimeControl "180+2"]

1. d4 d5 2. c4 e6 3. Nc3 Nf6 4. Bg5 Be7 5. Nf3 Nbd7 6. e3 b6 7. cxd5 exd5
8. Bd3 Bb7 9. O-O h6 10. Bh4 O-O 11. Rc1 Rc8 12. Nb5 a6 13. Na7 Ra8 14. Nc6
Bxc6 15. Rxc6 Rc8 16. Bf5 Ra8 17. Qc2 Bd6 18. Bg3 Qe7 19. Bxd6 cxd6 20. Rc1
g6 21. Bd3 Kg7 22. Qa4 b5 23. Qa5 { Black forfeits on time } 1-0

[Event "ICC tourney 2260 (3 2)"]
[Site "Internet Chess Club"]
[Date "2020.12.31"]
[Round "2"]
[White "VeronicaG"]
[Black "andrewj508"]
[Result "0-1"]
[ICCResult "White forfeits on time"]
[WhiteElo "1828"]
[BlackElo "1270"]
[Opening "Queen's pawn, Mason variation"]
[ECO "D00"]
[NIC "QP.08"]
[Time "12:15:43"]
[PlyCount "86"]
[TimeControl "180+2"]

1. d4 d5 2. Bf4 Bf5 3. c4 e6 4. e3 Nf6 5. Qb3 Qc8 6. Nc3 c6 7. Nf3 Be7 8.
Be2 O-O 9. O-O h6 10. h3 Nbd7 11. Rac1 dxc4 12. Bxc4 Nb6 13. Be2 Qd7 14.
Ne5 Qd8 15. Qd1 Bd6 16. a3 Bxe5 17. Bxe5 Nbd5 18. Nxd5 exd5 19. b4 a6 20.
Bd3 Bxd3 21. Qxd3 Ne4 22. Bf4 Nd6 23. Qe2 Nc4 24. Rc3 Qf6 25. Rb1 Rfe8 26.
Bg3 Qxd4 27. Rd3 Qf6 28. a4 b5 29. axb5 axb5 30. Re1 Ra1 31. Rxa1 Qxa1+ 32.
Rd1 Qb2 33. Qg4 Qf6 34. Bh4 Qg6 35. Qd7 Re6 36. Qc8+ Kh7 37. Bg3 Qc2 38.
Rf1 Qb3 39. Kh1 Qxb4 40. Qd7 Qe7 41. Qc8 b4 42. Qb8 Qf6 43. Qxb4 Nxe3 {
White forfeits on time } 0-1

[Event "ICC tourney 2260 (3 2)"]
[Site "Internet Chess Club"]
[Date "2020.12.31"]
[Round "2"]
[White "KingRayfish"]
[Black "TacoCat"]
[Result "1-0"]
[ICCResult "Black checkmated"]
[WhiteElo "1469"]
[BlackElo "1882"]
[Opening "Petrov: Italian variation"]
[ECO "C42"]
[NIC "RG.01"]
[Time "12:15:42"]
[PlyCount "101"]
[TimeControl "180+2"]

1. e4 e5 2. Nf3 Nf6 3. Bc4 Bc5 4. d3 d6 5. h3 Nc6 6. Nc3 Be6 7. Bb3 Qd7 8.
O-O O-O-O 9. a4 h6 10. Nd5 Bxd5 11. exd5 Nd4 12. Nxd4 Bxd4 13. c3 Bc5 14.
Bc2 g5 15. b4 Bb6 16. a5 Bd4 17. cxd4 exd4 18. Bb2 g4 19. hxg4 Nxg4 20.
Bxd4 Rhg8 21. Ba4 Qf5 22. f3 Ne5 23. Bxe5 Qxe5 24. Rc1 Qd4+ 25. Rf2 Qxb4
26. Qc2 Qxa5 27. d4 Kb8 28. Rb1 Ka8 29. Bc6 Rb8 30. Rff1 a6 31. Bxb7+ Rxb7
32. Qc6 Rb8 33. Rxb7 Rxb7 34. Rb1 Qb5 35. Rxb5 axb5 36. Qe8+ Ka7 37. Qxf7
b4 38. Qf5 b3 39. Qb1 b2 40. f4 Rb5 41. f5 Rxd5 42. Qa2+ Kb6 43. Qxb2+ Rb5
44. Qf2 c5 45. f6 Rb1+ 46. Kh2 Rb4 47. f7 Rxd4 48. f8=Q Kc6 49. Qb8 Kd5 50.
Qf3+ Kc4 51. Qbb3# { Black checkmated } 1-0

[Event "ICC tourney 2260 (3 2)"]
[Site "Internet Chess Club"]
[Date "2020.12.31"]
[Round "2"]
[White "TheOrcaPro"]
[Black "ranu540"]
[Result "1-0"]
[ICCResult "Black checkmated"]
[WhiteElo "1735"]
[BlackElo "1296"]
[Opening "Sicilian defense"]
[ECO "B32"]
[NIC "SI.32"]
[Time "12:15:39"]
[PlyCount "93"]
[TimeControl "180+2"]

1. e4 c5 2. Nf3 Nc6 3. d4 cxd4 4. Nxd4 g5 5. Bxg5 Bg7 6. Nxc6 bxc6 7. c3
Nf6 8. Nd2 Qb6 9. Qc2 O-O 10. Bd3 Rb8 11. Rb1 d5 12. e5 Ne4 13. Nxe4 dxe4
14. Bxe4 Bxe5 15. Bxh7+ Kh8 16. O-O Qc7 17. f4 Bg7 18. Bf5 Bxf5 19. Qxf5 e6
20. Qg4 e5 21. Rf3 exf4 22. Bxf4 Qe7 23. Bxb8 Rxb8 24. Qh5+ Kg8 25. Qf5 Qe6
26. Qxe6 fxe6 27. Kf2 Rf8 28. Rxf8+ Kxf8 29. Rd1 Ke7 30. Kf3 Be5 31. h4 Bf6
32. h5 Bg5 33. g4 c5 34. Ke4 Bh6 35. Rg1 Bg5 36. Ke5 Bh6 37. g5 Bg7+ 38.
Ke4 Kf7 39. h6 Bxh6 40. gxh6 Kf8 41. h7 Kf7 42. h8=Q Ke7 43. Rg7+ Kd6 44.
Qd8+ Kc6 45. Rc7+ Kb5 46. Qb8+ Kc4 47. Qb3# { Black checkmated } 1-0

[Event "ICC tourney 2260 (3 2)"]
[Site "Internet Chess Club"]
[Date "2020.12.31"]
[Round "2"]
[White "miyzhang"]
[Black "shrey16ultimate"]
[Result "0-1"]
[ICCResult "White forfeits on time"]
[WhiteElo "1227"]
[BlackElo "1601"]
[Opening "Caro-Kann: classical, 6.h4"]
[ECO "B18"]
[NIC "CK.11"]
[Time "12:15:29"]
[PlyCount "48"]
[TimeControl "180+2"]

1. e4 c6 2. d4 d5 3. Nd2 dxe4 4. Nxe4 Bf5 5. Ng3 Bg6 6. h4 h6 7. h5 Bh7 8.
Bd3 Bxd3 9. Qxd3 e6 10. Nf3 Nd7 11. Be3 Qc7 12. O-O-O Ngf6 13. Kb1 Bd6 14.
Ne4 Nxe4 15. Qxe4 Nf6 16. Qd3 Bf4 17. Bxf4 Qxf4 18. Rdf1 Qe4 19. Qb3 b6 20.
Qc3 O-O 21. Ne5 Rac8 22. Qg3 Qxd4 23. Rd1 Qc5 24. Nd3 Qf5 { White forfeits
on time } 0-1

[Event "ICC tourney 2260 (3 2)"]
[Site "Internet Chess Club"]
[Date "2020.12.31"]
[Round "2"]
[White "local0928"]
[Black "A4-H5"]
[Result "0-1"]
[ICCResult "White resigns"]
[WhiteElo "1785"]
[BlackElo "1999"]
[Opening "Sicilian: Nimzovich-Rubinstein variation"]
[ECO "B29"]
[NIC "SI.43"]
[Time "12:15:40"]
[PlyCount "64"]
[TimeControl "180+2"]

1. e4 c5 2. Nf3 Nf6 3. Nc3 d5 4. exd5 Nxd5 5. Bb5+ Nc6 6. O-O Bg4 7. Be2 e6
8. d3 Be7 9. Nxd5 Qxd5 10. Bf4 O-O 11. h3 Bh5 12. Bg3 Bf6 13. c4 Qd7 14.
Qd2 Rad8 15. Rfd1 e5 16. Nxe5 Bxe5 17. Bxh5 Bxg3 18. fxg3 Qd4+ 19. Kh2 Ne5
20. Be2 Nxc4 21. Qc2 Ne3 22. Qb3 Nxd1 23. Rxd1 b6 24. Qa3 Rd7 25. Bg4 Re7
26. Qb3 g6 27. Bf3 h5 28. h4 Re3 29. Be4 Kg7 30. Qc2 Rd8 31. Qc3 Rxe4 32.
dxe4 Qxc3 { White resigns } 0-1

[Event "ICC tourney 2260 (3 2)"]
[Site "Internet Chess Club"]
[Date "2020.12.31"]
[Round "2"]
[White "ved2006"]
[Black "BillyC"]
[Result "1-0"]
[ICCResult "Black resigns"]
[WhiteElo "1719"]
[BlackElo "1948"]
[Opening "Queen's pawn game, Krause variation"]
[ECO "D02"]
[NIC "QP.08"]
[Time "12:15:28"]
[PlyCount "101"]
[TimeControl "180+2"]

1. d4 d5 2. Nf3 c5 3. c3 Nc6 4. e3 Nf6 5. Bd3 Bg4 6. O-O e6 7. Nbd2 Be7 8.
b3 O-O 9. Bb2 b6 10. Qc2 Bh5 11. h3 Bg6 12. Bxg6 hxg6 13. c4 dxc4 14. Nxc4
cxd4 15. Nxd4 Nxd4 16. Bxd4 Rc8 17. Qe2 Nd5 18. Rfd1 b5 19. Nb2 Qa5 20.
Rdc1 a6 21. Rxc8 Rxc8 22. Qd3 Nb4 23. Qd2 Rc2 24. Qe1 Qc7 25. a3 Nd5 26.
Nd3 f6 27. b4 e5 28. Bc5 Rc3 29. Qd2 Qc6 30. Bxe7 Nxe7 31. Nc5 Rc4 32. Qd8+
Kf7 33. Rd1 Qe8 34. Qxe8+ Kxe8 35. Rd6 a5 36. Rb6 axb4 37. axb4 Rxb4 38.
Na6 Rb1+ 39. Kh2 Nd5 40. Rd6 Rd1 41. Nc7+ Nxc7 42. Rxd1 Ke7 43. Kg3 Ke6 44.
Kf3 f5 45. Ke2 e4 46. Rc1 Nd5 47. Rc6+ Ke5 48. Rxg6 b4 49. Rxg7 b3 50. Rb7
Nc3+ 51. Kd2 { Black resigns } 1-0

[Event "ICC tourney 2260 (3 2)"]
[Site "Internet Chess Club"]
[Date "2020.12.31"]
[Round "2"]
[White "hartej"]
[Black "tigerche207"]
[Result "1-0"]
[ICCResult "Black forfeits on time"]
[WhiteElo "1516"]
[BlackElo "1934"]
[Opening "Giuoco Piano: Anderssen variation"]
[ECO "C54"]
[NIC "IG.02"]
[Time "12:15:27"]
[PlyCount "91"]
[TimeControl "180+2"]

1. e4 e5 2. Nf3 Nc6 3. Bc4 Bc5 4. c3 Nf6 5. d4 exd4 6. e5 d5 7. Bb5 Ne4 8.
cxd4 Bb4+ 9. Bd2 Nxd2 10. Nbxd2 O-O 11. Bxc6 bxc6 12. a3 Ba5 13. b4 Bb6 14.
O-O a5 15. Nb3 axb4 16. axb4 Bf5 17. Nc5 f6 18. Rxa8 Qxa8 19. Qa1 Qe8 20.
exf6 Rxf6 21. Ne5 Rf8 22. Re1 Qh5 23. Qc3 Bxc5 24. bxc5 Be4 25. Qg3 Qh6 26.
Qe3 Qe6 27. f3 Bf5 28. g4 Bc2 29. Rc1 Bg6 30. Re1 Re8 31. Kf2 Qf6 32. Qc3
Qh4+ 33. Kg2 Qf6 34. Kg3 h5 35. Nxg6 Qxg6 36. Qd2 hxg4 37. Rxe8+ Qxe8 38.
fxg4 Qe4 39. h3 Kh7 40. Qf4 Qd3+ 41. Kg2 Qe2+ 42. Kg3 Qd3+ 43. Kg2 Qe2+ 44.
Qf2 Qe4+ 45. Kg3 Qxd4 46. Qxd4 { Black forfeits on time } 1-0

[Event "ICC tourney 2260 (3 2)"]
[Site "Internet Chess Club"]
[Date "2020.12.31"]
[Round "2"]
[White "michaelxiao"]
[Black "StevChess01"]
[Result "1-0"]
[ICCResult "Black forfeits on time"]
[WhiteElo "1318"]
[BlackElo "1684"]
[Opening "Sicilian: Alapin's variation (2.c3)"]
[ECO "B22"]
[NIC "SI.46"]
[Time "12:16:21"]
[PlyCount "85"]
[TimeControl "180+2"]

1. e4 c5 2. c3 e6 3. d4 d5 4. exd5 exd5 5. dxc5 Bxc5 6. Nf3 Nc6 7. Bb5 Qb6
8. Bxc6+ bxc6 9. O-O Ne7 10. Re1 O-O 11. b4 Bd6 12. Be3 Qc7 13. a4 a6 14.
a5 f6 15. Bb6 Qb7 16. Nd4 Bd7 17. Nd2 Nf5 18. Nxf5 Bxf5 19. Nb3 Rae8 20.
Qd2 Qb8 21. Nd4 Bd7 22. Rxe8 Rxe8 23. Re1 Rxe1+ 24. Qxe1 Bxh2+ 25. Kh1 Be5
26. Nb3 Qe8 27. Nc5 Kf7 28. Nxa6 Qa8 29. Nc5 Bf5 30. Qe2 Qe8 31. c4 Bc3 32.
Qxe8+ Kxe8 33. cxd5 cxd5 34. b5 d4 35. a6 d3 36. a7 d2 37. a8=Q+ Kf7 38.
Qd5+ Be6 39. Qxe6+ Kg6 40. Qg4+ Kf7 41. Nb3 g6 42. Nxd2 Bxd2 43. Bc5 {
Black forfeits on time } 1-0

[Event "ICC tourney 2260 (3 2)"]
[Site "Internet Chess Club"]
[Date "2020.12.31"]
[Round "2"]
[White "alexsaidfeghhi"]
[Black "bobiscool"]
[Result "1-0"]
[ICCResult "Black checkmated"]
[WhiteElo "1902"]
[BlackElo "1697"]
[Opening "Sicilian: Alapin's variation (2.c3)"]
[ECO "B22"]
[NIC "SI.46"]
[Time "12:15:42"]
[PlyCount "87"]
[TimeControl "180+2"]

1. e4 c5 2. c3 d6 3. d4 cxd4 4. cxd4 Nf6 5. Nc3 g6 6. h3 Bg7 7. Nf3 O-O 8.
Be2 Nc6 9. d5 Ne5 10. Nxe5 dxe5 11. O-O Bd7 12. Be3 Rc8 13. Bxa7 b6 14. Qb3
e6 15. Bxb6 Qe7 16. Rfd1 Rb8 17. a4 exd5 18. exd5 Qd6 19. a5 Bf5 20. Rac1
Nd7 21. Nb5 Qf6 22. Bc7 Ra8 23. Bd6 Rfd8 24. Rc7 Rxa5 25. Bb4 Raa8 26. g4
Be4 27. f3 Bxd5 28. Qxd5 Nb6 29. Qe4 Rxd1+ 30. Bxd1 Ra1 31. Nc3 Qd8 32. Rb7
Rxd1+ 33. Nxd1 Qxd1+ 34. Qe1 Qd4+ 35. Qf2 Qd1+ 36. Kg2 Qd8 37. Qxb6 Qd1 38.
Rb8+ Bf8 39. Bxf8 Qe2+ 40. Qf2 Qxb2 41. Qxb2 f5 42. Qxe5 Kf7 43. Rb7+ Kg8
44. Qg7# { Black checkmated } 1-0

[Event "ICC tourney 2260 (3 2)"]
[Site "Internet Chess Club"]
[Date "2020.12.31"]
[Round "2"]
[White "dashrndrx1"]
[Black "crazyhorse9"]
[Result "1-0"]
[ICCResult "Black checkmated"]
[WhiteElo "1803"]
[BlackElo "1462"]
[Opening "English opening"]
[ECO "A16"]
[NIC "EO.64"]
[Time "12:16:21"]
[PlyCount "93"]
[TimeControl "180+2"]

1. c4 Nf6 2. Nc3 g6 3. g3 Bg7 4. Bg2 c6 5. e4 e5 6. Nge2 O-O 7. O-O d6 8.
f4 Nfd7 9. f5 Nc5 10. g4 Qh4 11. Ng3 Nbd7 12. d3 Nf6 13. g5 Ng4 14. h3 Qxg3
15. hxg4 Qxd3 16. Qxd3 Nxd3 17. f6 Bh8 18. Bf3 Be6 19. b3 Nxc1 20. Raxc1 h6
21. gxh6 Bxf6 22. Rf2 Kh7 23. Rh2 Bg5 24. Rd1 Rad8 25. Ne2 Rh8 26. c5 d5
27. exd5 cxd5 28. Nc3 e4 29. Be2 Be3+ 30. Kg2 Bxc5 31. Kg3 Be3 32. Nb5 d4
33. Bc4 Bxc4 34. bxc4 a6 35. Nc7 d3 36. Nd5 Kg8 37. Nxe3 b5 38. cxb5 axb5
39. Kf4 Kf8 40. Kxe4 Ke7 41. Rxd3 Ra8 42. Nd5+ Kf8 43. Ke5 Ra4 44. g5 Rg4
45. Kf6 Ke8 46. Nc7+ Kf8 47. Rd8# { Black checkmated } 1-0

[Event "ICC tourney 2260 (3 2)"]
[Site "Internet Chess Club"]
[Date "2020.12.31"]
[Round "2"]
[White "stephenwilly"]
[Black "Viking21"]
[Result "0-1"]
[ICCResult "White checkmated"]
[WhiteElo "1496"]
[BlackElo "1905"]
[Opening "Alekhine's defense"]
[ECO "B02"]
[NIC "AL.10"]
[Time "12:15:32"]
[PlyCount "68"]
[TimeControl "180+2"]

1. e4 Nf6 2. e5 Nd5 3. c4 Nb6 4. Nc3 d6 5. exd6 exd6 6. d4 Be7 7. Nf3 O-O
8. Bd3 Na6 9. a3 c6 10. Be3 Bg4 11. h3 Bh5 12. Qc2 h6 13. g4 Bg6 14. Nd2
Bxd3 15. Qxd3 d5 16. c5 Nd7 17. Nxd5 cxd5 18. c6 bxc6 19. Qxa6 c5 20. Kf1
Rb8 21. b3 cxd4 22. Bxd4 Bc5 23. Bb2 Qg5 24. Qd3 Rfe8 25. h4 Qf4 26. Nf3
Ne5 27. Bxe5 Rxe5 28. Qc3 d4 29. Qd3 Re3 30. Qd1 Rxf3 31. Qc2 Bb6 32. Kg2
d3 33. Qa2 Rxf2+ 34. Kh3 Qf3# { White checkmated } 0-1

[Event "ICC tourney 2260 (3 2)"]
[Site "Internet Chess Club"]
[Date "2020.12.31"]
[Round "2"]
[White "kurohaze"]
[Black "ritterfork"]
[Result "0-1"]
[ICCResult "White resigns"]
[WhiteElo "1168"]
[BlackElo "1846"]
[Opening "King's Indian: fianchetto, Panno variation"]
[ECO "E63"]
[NIC "KI.71"]
[Time "12:15:48"]
[PlyCount "98"]
[TimeControl "180+2"]

1. d4 Nf6 2. Nf3 g6 3. g3 Bg7 4. Bg2 O-O 5. O-O d6 6. c4 Nc6 7. Nc3 a6 8.
e4 e5 9. dxe5 dxe5 10. Qxd8 Rxd8 11. Bg5 h6 12. Bxf6 Bxf6 13. Rfd1 Be6 14.
b3 Nd4 15. Nxd4 Rxd4 16. Nd5 Bxd5 17. cxd5 c6 18. Rac1 cxd5 19. exd5 Bg5
20. Rb1 Rc8 21. h4 Bf6 22. Rdc1 Rd8 23. Rc7 e4 24. Rxb7 R8xd5 25. Re1 Re5
26. Re2 g5 27. hxg5 hxg5 28. f4 exf3 29. Rxe5 Rd1+ 30. Kf2 Rd2+ 31. Kxf3
Bxe5 32. Bf1 Rxa2 33. Bc4 Rc2 34. Bxf7+ Kf8 35. Bc4 Rc3+ 36. Ke4 Bxg3 37.
Bxa6 Bf2 38. Bc4 Ke8 39. Kf5 Rg3 40. Bb5+ Kd8 41. Rd7+ Kc8 42. Ba4 Bc5 43.
Rg7 g4 44. Rxg4 Rxg4 45. Kxg4 Kc7 46. Kf5 Kb6 47. Ke4 Ka5 48. Kd5 Kb4 49.
Kc6 Bf8 { White resigns } 0-1

[Event "ICC tourney 2260 (3 2)"]
[Site "Internet Chess Club"]
[Date "2020.12.31"]
[Round "2"]
[White "Udonramen"]
[Black "NL008"]
[Result "1-0"]
[ICCResult "Black forfeits on time"]
[WhiteElo "1947"]
[BlackElo "1534"]
[Opening "Queen's pawn, Mason variation"]
[ECO "D00"]
[NIC "QP.08"]
[Time "12:15:32"]
[PlyCount "75"]
[TimeControl "180+2"]

1. d4 d5 2. Bf4 Bf5 3. e3 e6 4. Nf3 Nf6 5. c3 c5 6. Bd3 Bxd3 7. Qxd3 c4 8.
Qc2 b5 9. Nbd2 Nc6 10. O-O a5 11. b3 Bd6 12. Bg3 O-O 13. a4 Bxg3 14. hxg3
Qb6 15. axb5 Qxb5 16. bxc4 dxc4 17. Rfb1 Qa6 18. Ra4 Nd5 19. Nxc4 Rab8 20.
Rba1 Rb5 21. Nd6 Rb6 22. e4 Ncb4 23. cxb4 Nxb4 24. Qd2 Rxd6 25. Rxb4 axb4
26. Rxa6 Rxa6 27. Qxb4 Rfa8 28. Ne5 Ra4 29. Qc5 R4a5 30. Qc7 R5a7 31. Qd6
Ra6 32. Nc6 h6 33. d5 exd5 34. exd5 Ra1+ 35. Kh2 R1a6 36. Qd7 Ra1 37. d6
Rd1 38. Ne7+ { Black forfeits on time } 1-0

[Event "ICC tourney 2260 (3 2)"]
[Site "Internet Chess Club"]
[Date "2020.12.31"]
[Round "2"]
[White "ekanshmehrotra"]
[Black "JensenUVA"]
[Result "0-1"]
[ICCResult "White resigns"]
[WhiteElo "1843"]
[BlackElo "1516"]
[Opening "Sicilian: Nimzovich-Rossolimo attack (with ...g6, without ...d6)"]
[ECO "B31"]
[NIC "SI.31"]
[Time "12:16:11"]
[PlyCount "76"]
[TimeControl "180+2"]

1. e4 c5 2. Nf3 Nc6 3. Bb5 g6 4. Bxc6 dxc6 5. O-O Bg7 6. c3 Nf6 7. e5 Nd5
8. d4 cxd4 9. cxd4 O-O 10. Be3 Qb6 11. Qd2 Bg4 12. Ne1 Rfd8 13. Nc3 Nxe3
14. fxe3 c5 15. Qf2 Rf8 16. h3 Bd7 17. Nd5 Qd8 18. Qh4 Re8 19. Qf4 Be6 20.
Nc3 cxd4 21. exd4 Bc4 22. Rf2 Rf8 23. Rd1 Qc7 24. b3 Be6 25. Rc2 f6 26. Nd5
Qd7 27. Nc7 fxe5 28. Qe4 Bf5 29. Qe2 Bxc2 30. Qxc2 Rac8 31. Qc4+ Kh8 32.
Rc1 Qxd4+ 33. Qxd4 exd4 34. Nd3 e5 35. Ne6 Rxc1+ 36. Nxc1 Rc8 37. Ne2 d3
38. Ng3 d2 { White resigns } 0-1